 Dungeon Crawl Stone Soup version 0.28.0-53-g5a82cb258f (webtiles) character file.

Game seed: 6899039588528022839

59251 issech the Tortoise (level 14, -12/116 HPs)
             Began as a Minotaur Monk on June 16, 2022.
             Was the Champion of Hepliaklqana.
             Mangled by a rockslime (17 damage)
             ... on level 1 of the Pits of Slime.
             The game lasted 01:35:21 (25824 turns).

issech the Tortoise (Minotaur Monk)                Turns: 25824, Time: 01:35:21

Health: -12/116    AC: 30    Str: 23    XL:     14   Next: 52%
Magic:  0/22       EV:  8    Int:  7    God:    Hepliaklqana [******]
Gold:   1261       SH:  6    Dex: 17    Spells: 13/13 levels left

rFire   . . .      SeeInvis .   o - +11 short sword of Lurhul {flame, MP+9}
rCold   . . .      Faith    .   n - +0 buckler
rNeg    . . .      Spirit   +   O - +4 crystal plate armour
rPois   .          Reflect  .   (helmet restricted)
rElec   .          Harm     .   T - +0 cloak
rCorr   .          Rampage  .   D - +0 pair of gloves
Will    +....                   (no boots)
Stlth   ..........              b - amulet of guardian spirit
HPRegen 0.29/turn               J - +4 ring of slaying
MPRegen 0.18/turn               M - +6 ring of strength

@: no status effects
A: reduced essence, horns 2, retaliatory headbutt
a: Renounce Religion, Recall Ancestor, Ancestor Identity, Transference, Idealise


You were on level 1 of the Pits of Slime.
You worshipped Hepliaklqana.
Hepliaklqana was exalted by your worship.
You visited 4 branches of the dungeon, and saw 20 of its levels.
You also visited: Bailey and Gauntlet.

You collected 1261 gold pieces.

Inventory:

Hand Weapons
 o - the +11 short sword of Lurhul (weapon) {flame, MP+9}
   (You found it on level 2 of the Dungeon)

   It burns those it strikes, dealing additional fire damage.
   MP:        It affects your magic capacity (+9).
 z - the +7 mace of Variability {chain chaos}
   (You found it in a Gauntlet)

   Each time it hits an enemy it has a different, random effect.
   It occasionally unleashes arcs of chaos on nearby creatures upon striking a
   foe.
 H - a +3 hand crossbow of venom
 K - a +2 hunting sling of freezing
 S - a +1 vorpal longbow
 Z - the +0 quarterstaff of Evil {vorpal, +Blink rElec rC+ Str+4}
   (You found it on level 1 of the Lair of Beasts)

   It inflicts extra damage upon your enemies.
   Str:       It affects your strength (+4).
   rC:        It protects you from cold.
   rElec:     It insulates you from electricity.
   +Blink:    It lets you blink.
Missiles
 e - 559 stones
 f - 349 arrows
 j - 6 datura-tipped darts
 k - 4 silver javelins
 l - 5 boomerangs of dispersal
 m - 5 throwing nets
 v - 168 sling bullets
 x - 3 poisoned darts
 G - 8 bolts
 Y - 8 boomerangs (quivered)
Armour
 g - a +3 ring mail of poison resistance
 n - a +0 buckler (worn)
 u - a +2 ring mail of willpower
 D - a +0 pair of gloves (worn)
 O - a +4 crystal plate armour (worn)
 Q - an orb of light
 T - a +0 cloak (worn)
Jewellery
 b - an amulet of guardian spirit (around neck)
 B - a ring of protection from fire
 E - an amulet of magic regeneration
 I - a ring of ice
 J - a +4 ring of slaying (left hand)
 M - a +6 ring of strength (right hand)
 W - a ring of positive energy
Wands
 c - a wand of digging (4)
 p - a wand of mindburst (25)
 y - a wand of flame (23)
 P - a wand of acid (13)
 U - a wand of paralysis (9)
 V - a wand of polymorph (12)
Scrolls
 h - 3 scrolls of blinking
 i - 2 scrolls of fog
 r - a scroll of fear
 C - 2 scrolls of magic mapping
 F - 7 scrolls of teleportation
Potions
 a - 5 potions of curing
 d - 3 potions of cancellation
 s - 5 potions of heal wounds
 t - 3 potions of degeneration {unknown}
 w - 3 potions of mutation {unknown}
 A - 4 potions of flight {unknown}
 L - 2 potions of haste
 N - a potion of might
 R - 5 potions of attraction {unknown}
 X - 3 potions of magic {unknown}


   Skills:
 + Level 13.4 Fighting
 + Level 12.6 Short Blades
 + Level 5.7(5.8) Axes
 + Level 1.1(3.7) Maces & Flails
 + Level 9.6 Slings
 + Level 6.2 Crossbows
 + Level 1.1(5.6) Throwing
 + Level 15.1 Armour
 + Level 8.4 Dodging
 + Level 7.4 Stealth
 + Level 6.5 Shields


You had 13 spell levels left.
You didn't know any spells.
Your spell library contained the following spells:

 Spells                   Type           Power      Damage    Failure   Level
 Animate Skeleton         Necr           0%         N/A       100%        1
 Apportation              Tloc           0%         N/A       100%        1
 Beastly Appendage        Tmut           0%         N/A       100%        1
 Foxfire                  Conj/Fire      0%         2x1d4     100%        1
 Pain                     Necr           0%         1d4       100%        1
 Sandblast                Erth           0%         2d4       100%        1
 Slow                     Hex            0%         N/A       100%        1
 Summon Small Mammal      Summ           0%         N/A       100%        1
 Passwall                 Tmut/Erth      0%         N/A       100%        2
 Scorch                   Fire           0%         2d5       100%        2
 Wereblood                Tmut           0%         N/A       100%        2
 Confusing Touch          Hex            0%         N/A       100%        3
 Conjure Flame            Conj/Fire      0%         6-21      100%        3
 Inner Flame              Hex/Fire       0%         N/A       100%        3
 Spider Form              Tmut/Pois      0%         N/A       100%        3
 Stone Arrow              Conj/Erth      0%         3d7       100%        3
 Vampiric Draining        Necr           0%         2d6       100%        3
 Airstrike                Air            0%         N/A       100%        4
 Animate Armour           Summ/Erth      0%         N/A       100%        4
 Flame Wave               Conj/Fire      0%         2d4       100%        4
 Summon Lightning Spire   Summ/Air       0%         N/A       100%        4
 Blade Hands              Tmut           0%         N/A       100%        5
 Irradiate                Conj/Tmut      0%         3d13      100%        5
 Lightning Bolt           Conj/Air       0%         1d11      100%        5
 Iron Shot                Conj/Erth      0%         9d1       100%        6
 Summon Cactus Giant      Summ           0%         N/A       100%        6
 Dragon Form              Tmut           0%         N/A       100%        7


Dungeon Overview and Level Annotations

Branches:
Dungeon (11/15)            Temple (1/1) D:5            Lair (6/6) D:9
 Shoals (0/4) Lair:3        Snake (0/4) Lair:3        Slime (2/5) Lair:5
    Orc (0/2) D:9          Bailey (visited)         Gauntlet (visited)

Altars:
Ashenzari
Cheibriados
Dithmenos
Elyvilon
Fedhas
Gozag
Hepliaklqana
Kikubaaqudgha
Makhleb
Nemelex Xobeh
Okawaru
Qazlal
Ru
Sif Muna
Trog
Uskayaw
Vehumet
Wu Jian
Xom
Yredelemnul
Zin
The Shining One

Shops:
D:8 =   D:11 :


Innate Abilities, Weirdness & Mutations

Your life essence is reduced to manifest your ancestor. (-10% HP)
You have a pair of horns on your head.
You reflexively headbutt those who attack you in melee.


Message History

The rockslime is heavily wounded.
The rockslime barely misses you.
You hit the rockslime but do no damage.
The rockslime is heavily wounded. Æthelred casts a spell at the rockslime.
The puff of frost hits the rockslime but does no damage.
The rockslime hits you!!
You stumble backwards!
You hit the rockslime but do no damage.
You headbutt the rockslime, but do no damage.
The rockslime is heavily wounded. Æthelred hits the rockslime but does no damage.
You hit the rockslime but do no damage.
The rockslime is heavily wounded.
The rockslime hits you!!
* * * LOW HITPOINT WARNING * * *
You stumble backwards!
You hit the rockslime but do no damage.
The rockslime is heavily wounded.
You hit the rockslime but do no damage.
You headbutt the rockslime, but do no damage.
The rockslime is heavily wounded.
The rockslime hits you but does no damage.
You completely miss the rockslime. You headbutt the rockslime.
The rockslime is heavily wounded.
The rockslime hits you!!
* * * LOW HITPOINT WARNING * * *
You stumble backwards!
You hit the rockslime.
You headbutt the rockslime, but do no damage.
The rockslime is heavily wounded.
You hit the rockslime but do no damage.
The rockslime is heavily wounded.
The rockslime hits you.
* * * LOW HITPOINT WARNING * * *
You hold your ground! Æthelred hits the rockslime with a +0 quarterstaff!!
You hit the rockslime but do no damage.
The rockslime is almost dead.
The rockslime hits you!!
You die...

#........# # #.......#
##....#....## #....##.....#
..# #..##.....## ..##
##........## ....##
##.#....R.### .....#
###...#...J...##......
##.........@.....#.....
#..................#...
#............>............#
#..................##.#.....
#...................#.......
##..........................
#....#.....................
##.........................
##........................


You could see the friendly Æthelred the battlemage and a rockslime (ally
target).

Vanquished Creatures
  An acid blob (Slime:2)
  2 rockslimes
  2 quicksilver oozes (Slime:2)
  A dire elephant (Lair:6)
  A minotaur (Gauntlet)
  3 catoblepae
  5 hydras
  A boulder beetle (Lair:6)
  A deep troll shaman (Lair:6)
  7 death yaks (Lair:6)
  4 sixfirhies (Gauntlet)
  A fire crab (Gauntlet)
  An orc knight (Bailey)
  A merfolk siren (Lair:3)
  7 black mambas
  3 elephants (Lair:6)
  6 cane toads
  An ice statue (Gauntlet)
  5 rime drakes
  2 komodo dragons
  A kobold demonologist (D:11)
  A merfolk (Lair:3)
  2 polar bears
  3 blink frogs
  24 slime creatures
  2 fire bats (Gauntlet)
  3 wyverns
  26 yaks
  2 vampire mosquitoes (D:11)
  2 basilisks
  A steam dragon (D:8)
  A naga (Lair:3)
  10 water moccasins
  A sky beast (D:8)
  10 orc warriors
  2 black bears
  An ogre (D:5)
  9 wolves
  2 centaurs
  A kobold brigand (D:6)
  2 phantoms
  4 bullfrogs
  A gnoll sergeant (D:9)
  A scorpion (D:6)
  2 killer bees (D:9)
  4 wights (D:8)
  2 electric eels (Lair:1)
  3 centaur zombies
  A hound (D:6)
  2 orc priests
  A bullfrog skeleton (D:4)
  A gnoll shaman (D:6)
  An iguana (D:6)
  7 orc wizards
  Ijyb (D:4)
  9 gnolls
  9 adders
  A howler monkey skeleton (D:5)
  A shadow imp (D:7)
  A white imp (D:7)
  An adder skeleton (D:5)
  3 worms
  A dart slug (D:1)
  22 orcs
  4 ball pythons
  4 bats
  6 endoplasms
  5 giant cockroaches
  5 goblins
  7 hobgoblins
  7 jackals
  3 quokkas
  3 frilled lizards
  12 kobolds
  3 rats
  4 fungi
303 creatures vanquished.

Vanquished Creatures (collateral kills)
  An acid blob (Slime:2)
  A rockslime (Slime:1)
  Nessos (Lair:5)
  3 hydras
  A two-headed ogre (D:10)
  3 death yaks (Lair:6)
  A deep elf pyromancer (Bailey)
  A manticore (D:11)
  A centaur zombie (D:11)
  An eye of devastation (Slime:2)
  2 cane toads
  A rime drake (Lair:3)
  A komodo dragon (Lair:4)
  2 trolls
  8 slime creatures
  3 blink frogs
  2 wyverns (D:9)
  8 yaks
  A basilisk (Lair:4)
  3 vampire mosquitoes (D:11)
  A fire bat (Gauntlet)
  A naga (Lair:3)
  An acid dragon (D:10)
  8 water moccasins
  3 sky beasts
  2 black bears
  7 wolves
  An ogre (D:7)
  3 bullfrogs
  A gnoll sergeant (D:9)
  2 killer bees (D:9)
  A wight (D:8)
  An orc priest (D:7)
  3 orc wizards
  An iguana (D:6)
  A howler monkey zombie (D:9)
  4 gnolls
  An adder (D:6)
  5 orcs
  2 kobolds (D:6)
  A fungus (Lair:1)
  A plant (Lair:6)
96 creatures vanquished.

Vanquished Creatures (others)
  12 battlemagi
  A demonic plant (Gauntlet)
  16 fungi
  17 plants
46 creatures vanquished.

Grand Total: 445 creatures vanquished

Notes
Turn   | Place    | Note
-------+----------+-------------------------------------------
     0 | D:1      | issech the Minotaur Monk began the quest for the Orb.
     0 | D:1      | Reached XP level 1. HP: 19/19 MP: 0/0
   250 | D:1      | Found a faded altar of an unknown god.
   384 | D:1      | Reached XP level 2. HP: 27/27 MP: 1/1
   796 | D:1      | Reached XP level 3. HP: 33/33 MP: 2/2
  1007 | D:2      | Reached skill level 1 in Maces & Flails
  1173 | D:2      | Reached XP level 4. HP: 40/41 MP: 3/3
  1405 | D:2      | Reached skill level 5 in Axes
  1409 | D:2      | Reached skill level 1 in Armour
  1695 | D:2      | Reached XP level 5. HP: 20/47 MP: 4/4
  1983 | D:2      | Identified the +11 short sword of Lurhul {flame, MP+9}
  2554 | D:3      | Reached skill level 2 in Armour
  3973 | D:4      | Noticed Ijyb
  3977 | D:4      | Killed Ijyb
  3978 | D:4      | Reached XP level 6. HP: 51/53 MP: 5/5
  4020 | D:4      | Reached skill level 1 in Short Blades
  4020 | D:4      | Reached skill level 3 in Armour
  4414 | D:5      | Entered Level 5 of the Dungeon
  4424 | D:5      | Noticed a water moccasin
  4437 | D:5      | Killed a water moccasin
  4438 | D:5      | Reached skill level 5 in Fighting
  4438 | D:5      | Reached skill level 4 in Armour
  4471 | D:5      | Reached XP level 7. HP: 58/61 MP: 6/6
  4779 | D:5      | Found a staircase to the Ecumenical Temple.
  4822 | D:5      | Reached skill level 5 in Armour
  4840 | Temple   | Entered the Ecumenical Temple
  4927 | Temple   | Became a worshipper of Hepliaklqana the Forgotten
  4927 | Temple   | Reached * piety under Hepliaklqana
  4927 | Temple   | Reached ** piety under Hepliaklqana
  4930 | Temple   | Remembered your ancestor Æthelred as a battlemage
  5461 | D:6      | Reached skill level 5 in Dodging
  5569 | D:6      | Reached skill level 6 in Armour
  5601 | D:6      | Reached XP level 8. HP: 57/63 MP: 7/7
  5801 | D:6      | Reached skill level 7 in Armour
  6485 | D:7      | Reached skill level 5 in Short Blades
  6687 | D:7      | Found a basalt altar of Yredelemnul.
  6689 | D:7      | Found a broken altar of Ashenzari.
  6861 | D:7      | Reached *** piety under Hepliaklqana
  7451 | D:8      | You fall into a shaft and drop 1 floor!
  7529 | D:9      | Reached skill level 8 in Armour
  7534 | D:9      | Reached XP level 9. HP: 48/70 MP: 8/8
  7751 | D:9      | Found a staircase to the Lair.
  7977 | D:9      | Noticed a troll
  7982 | D:9      | Killed a troll
  8126 | D:9      | Reached skill level 9 in Armour
  8532 | D:8      | Reached **** piety under Hepliaklqana
  8623 | D:8      | Found a burning altar of Makhleb.
  8721 | D:8      | Reached XP level 10. HP: 66/77 MP: 9/9
  9004 | D:8      | Reached skill level 10 in Armour
  9260 | D:8      | Found Balet's Jewellery Shoppe.
 10113 | D:9      | Found a staircase to the Orcish Mines.
 10144 | D:10     | Entered Level 10 of the Dungeon
 10230 | D:10     | Reached skill level 1 in Shields
 10394 | D:10     | Found a flagged portal.
 10409 | Bailey   | Entered a bailey
 10619 | Bailey   | Found a large runed translucent door.
 10619 | Bailey   | Found a large runed translucent door.
 10620 | Bailey   | Noticed a deep elf pyromancer
 10633 | Bailey   | Noticed an orc knight
 10965 | Bailey   | Killed an orc knight
 11357 | Bailey   | Killed a deep elf pyromancer
 11358 | Bailey   | Reached skill level 1 in Slings
 11368 | Bailey   | Identified the +0 ring mail of Kindness {rElec Str-4 Int+2}
 11645 | D:10     | Noticed a two-headed ogre
 11651 | D:10     | Killed a two-headed ogre
 11652 | D:10     | Reached skill level 10 in Short Blades
 11652 | D:10     | Reached XP level 11. HP: 77/85 MP: 10/10
 11899 | D:10     | Reached ***** piety under Hepliaklqana
 12737 | D:11     | Reached skill level 5 in Stealth
 12835 | D:11     | Noticed a five-headed hydra
 12842 | D:11     | Killed a five-headed hydra
 12843 | D:11     | Reached skill level 11 in Armour
 12998 | D:11     | Found Taf Nots's Self-Improvement Boutique.
 13491 | Lair:1   | Entered Level 1 of the Lair of Beasts
 14327 | Lair:1   | Reached skill level 5 in Slings
 14679 | Lair:1   | Identified the +0 quarterstaff of Evil {vorpal, +Blink
                  | rElec rC+ Str+4}
 15333 | Lair:2   | Reached skill level 10 in Fighting
 16024 | Lair:2   | Noticed a five-headed hydra
 16024 | Lair:2   | You fall into a shaft and drop 2 floors!
 16084 | Lair:3   | Noticed an eight-headed hydra
 16089 | Lair:3   | Killed an eight-headed hydra
 16090 | Lair:3   | Reached XP level 12. HP: 95/95 MP: 8/11
 16192 | Lair:3   | Found a staircase to the Snake Pit.
 16238 | Lair:3   | Noticed a seven-headed hydra
 16244 | Lair:3   | Killed a seven-headed hydra
 16437 | Lair:3   | Found a gate leading to a gauntlet.
 16447 | Gauntlet | Entered a Gauntlet
 16447 | Gauntlet | Found a transporter.
 16511 | Gauntlet | Found a transporter.
 16522 | Gauntlet | Found a transporter.
 16525 | Gauntlet | Found a transporter.
 16530 | Gauntlet | Noticed a hell beast
 16538 | Gauntlet | Found a transporter.
 16553 | Gauntlet | Found a transporter.
 16564 | Gauntlet | Found a transporter.
 16571 | Gauntlet | Found a transporter.
 16588 | Gauntlet | Found a transporter.
 16588 | Gauntlet | Found a transporter.
 16602 | Gauntlet | Found a transporter.
 16605 | Gauntlet | Found a runed translucent door.
 16607 | Gauntlet | Reached ****** piety under Hepliaklqana
 16616 | Gauntlet | Found a transporter.
 16624 | Gauntlet | Found a transporter.
 16625 | Gauntlet | Found a transporter.
 17483 | Gauntlet | Noticed a minotaur
 17490 | Gauntlet | Killed a minotaur
 17499 | Gauntlet | Found the +7 mace of Variability {chain chaos}
 18052 | Lair:3   | Found a staircase to the Shoals.
 18381 | Lair:4   | Noticed a six-headed hydra
 18389 | Lair:4   | Reached skill level 12 in Armour
 18399 | Lair:4   | Killed a six-headed hydra
 18402 | Lair:4   | Reached skill level 1 in Throwing
 18760 | Lair:4   | Noticed an eight-headed hydra
 18767 | Lair:4   | Killed an eight-headed hydra
 18841 | Lair:4   | Noticed a seven-headed hydra
 18853 | Lair:4   | Killed a seven-headed hydra
 18854 | Lair:4   | Reached XP level 13. HP: 93/105 MP: 12/12
 19487 | Lair:5   | Noticed Nessos
 19491 | Lair:5   | Found a staircase to the Slime Pits.
 19502 | Slime:1  | Entered Level 1 of the Pits of Slime
 19507 | Slime:1  | HP: 4/105 [poisoned by Nessos]
 19904 | Slime:1  | HP: 5/105 [poisoned by Nessos]
 20238 | Lair:5   | Killed Nessos
 20241 | Lair:5   | Reached skill level 1 in Crossbows
 20552 | Lair:5   | Reached skill level 5 in Shields
 21422 | Lair:6   | Entered Level 6 of the Lair of Beasts
 21497 | Lair:6   | Reached skill level 13 in Armour
 21640 | Lair:6   | Found a bloodstained altar of Trog.
 22265 | Lair:6   | Reached skill level 5 in Crossbows
 23224 | Lair:6   | Reached skill level 14 in Armour
 23232 | Lair:6   | Noticed a dire elephant
 23247 | Lair:6   | Killed a dire elephant
 23457 | Lair:6   | Reached XP level 14. HP: 110/114 MP: 13/13
 23809 | Slime:1  | Noticed a rockslime
 23821 | Slime:1  | Killed a rockslime
 24271 | Slime:2  | Noticed a quicksilver ooze
 24277 | Slime:2  | Killed a quicksilver ooze
 24433 | Slime:2  | Noticed a quicksilver ooze
 24441 | Slime:2  | Killed a quicksilver ooze
 24519 | Slime:2  | Noticed an acid blob
 24527 | Slime:2  | Killed an acid blob
 25388 | Slime:2  | Noticed an acid blob
 25395 | Slime:2  | Killed an acid blob
 25431 | Slime:2  | Noticed a rockslime
 25446 | Slime:2  | Killed a rockslime
 25447 | Slime:2  | Reached skill level 15 in Armour
 25451 | Slime:1  | Noticed a rockslime
 25646 | Slime:1  | Killed a rockslime
 25805 | Slime:1  | Noticed a rockslime
 25823 | Slime:1  | HP: 5/116 [rockslime (2)]
 25824 | Slime:1  | Mangled by a rockslime

Illustrated notes

Levels and vault maps discovered:
D:1:      psy_arrival_basics, layout_loops_ring,
          shapermc_ecumenical_altar_starsandcircs
D:2:      layout_rooms, lemuel_flame_loot_1
D:3:      layout_basic, grunt_decor_mini_mirrors
D:4:      layout_gridville, uniq_ijyb
D:5:      layout_basic, minmay_temple_entry_purple_smoke
D:6:      layout_cave_pools
D:7:      nicolae_cairo_tiling_large, layout_basic, grunt_temple_overflow_open,
          serial_co_window_serial, co_window_paths_a, co_window_paths_a,
          co_window_paths_a, co_window_corner_a, co_window_corner_a,
          co_window_corner_ca, co_window_unsneaky_path_d, co_window_corner_ca,
          co_window_of_opportunity_c, co_window_cross_2, co_window_corner_b,
          glass_columns_a, glass_columns_b, glass_columns_b, glass_columns_a,
          glass_columns_a
D:8:      layout_loops_ring, nicolae_overflow_crystal_walls, serial_shops,
          nicolae_shop_crystal
D:9:      layout_stronghold, david_lair_generic, orc_0_dummy,
          small_statue_intersection, chequers_serial_rivers_micro_e,
          minmay_fractal_squares_diagonal_5
D:10:     layout_stronghold, enter_bailey_4
D:11:     layout_roguey, chequers_serial_rivers_room_a, nicolae_shop_self_help
Temple:   mainiacjoe_temple_bowtie_tessellation
Lair:1:   layout_small_grid, dpeg_stationary_puzzle
Lair:2:   layout_concentric_octagons
Lair:3:   layout_chaotic_city, elwin_shoals_entry_rooms,
          guppyfry_snake_entry_garden, gauntlet_entry_generic
Lair:4:   layout_concentric_octagons
Lair:5:   layout_roguey, slime_dummy, grunt_megastairs_2, uniq_nessos
Lair:6:   grunt_lair_end_beastmaster, layout_regular_city, basic_altar,
          lemuel_fruit_tree, serial_bayou_shore_b, grunt_megastairs_3
Slime:1:  layout_caves
Slime:2:  layout_caves, cheibrodos_slime_lost_civilization_5

Skill      XL: |  1  2  3  4  5  6  7  8  9 10 11 12 13 14 |
---------------+-------------------------------------------+-----
Axes           | 4 5 |  5.7
Fighting       | 4 5 6 7 8 10 11 12 13 | 13.4
Maces & Flails | 1 |  1.1
Dodging        | 4 5 6 7 8 |  8.4
Armour         | 1 2 4 6 8 9 10 11 12 14 15 | 15.1
Short Blades   | 1 3 5 7 10 11 12 | 12.6
Stealth        | 2 3 4 5 6 7 |  7.4
Shields        | 2 3 4 5 6 |  6.5
Slings         | 1 7 9 |  9.6
Throwing       | 1 |  1.1
Crossbows      | 6 |  6.2

Action                   |  1- 3 |  4- 6 |  7- 9 | 10-12 | 13-15 || total
-------------------------+-------+-------+-------+-------+-------++-------
Melee: Hand axe          |    26 |       |       |       |       ||    26
       Headbutt          |    10 |    16 |    27 |    89 |   157 ||   299
       Whip              |    30 |     4 |       |       |       ||    34
       Battleaxe         |       |    31 |       |       |       ||    31
       Short sword       |       |    64 |   138 |   336 |   445 ||   983
       Punch             |       |     1 |     1 |       |       ||     2
 Fire: Hunting sling     |       |       |       |   137 |    30 ||   167
       Hand crossbow     |       |       |       |       |    60 ||    60
Throw: Stone             |       |       |     1 |       |       ||     1
       Boomerang         |       |       |       |     4 |       ||     4
Invok: Ancestor Life: Ba |       |       |     1 |       |       ||     1
       Recall Ancestor   |       |       |     1 |     1 |       ||     2
  Use: Scroll            |     1 |       |     4 |    14 |     7 ||    26
       Potion            |       |       |       |     6 |     1 ||     7
 Stab: Sleeping          |       |       |     2 |     4 |       ||     6
       Distracted        |       |       |     2 |     4 |     6 ||    12
       Invisible         |       |       |       |     4 |       ||     4
       Petrified         |       |       |       |       |     1 ||     1
Armor: Ring mail         |    19 |    33 |    43 |    65 |       ||   160
       Crystal plate arm |       |       |       |    52 |   231 ||   283
Dodge: Dodged            |    41 |    79 |    87 |   157 |   111 ||   475
Block: Buckler           |       |       |     3 |    60 |    62 ||   125
